Map: Thunderbird LE

Players

yumorgans - Winner!

  • Race: Protoss Protoss
  • League: Silver
  • Spawn Location: 11:00

TiPtOP

  • Race: Terran Terran
  • League: Silver
  • Spawn Location: 5:00

VOD

Have the link to the VOD?

Description

Time

  • Played on: Aug. 12, 2019, 11:56 p.m.
  • Length: 19:04
Show
View Real Time Build Order
Export as new Build Order

yumorgans Protoss - Winner!

Build Orders: Zealot Archon, Colossus Rush 

Get SALT Encoding   

  12  0:01  Probe  
  13  0:14  Probe  
  13  0:18  Pylon  
  14  0:22  Probe  
  15  0:35  Probe  
  15  0:40  Gateway  
  16  0:47  Probe  
  17  0:56  Pylon  
  17  0:57  Probe  
  17  1:02  Assimilator  
  18  1:05  Probe  
  19  1:14  Probe  
  20  1:26  Probe  
  20  1:29  Cybernetics Core  
  21  1:38  Probe, Assimilator  
  22  1:50  Probe  
  23  2:01  Probe  
  23  2:06  Warp Gate, Pylon  
  24  2:09  Probe  
  25  2:20  Nexus  
  25  2:32  Pylon  
  25  2:33  Probe  
  26  2:45  Probe  
  26  2:47  Pylon  
  27  2:57  Probe  
  28  2:59  Robotics Facility  
  28  3:00  Twilight Council  
  28  3:06  Probe  
  29  3:14  Probe  
  30  3:23  Probe  
  31  3:30  Gateway  
  31  3:32  Probe, Gateway  
  31  3:38  Probe  
  31  3:40  Probe  
  34  3:49  Probe  
  34  3:50  Probe  
  34  3:53  Charge  
  37  3:55  Observer  
  37  4:01  Probe  
  37  4:02  Probe  
  39  4:12  Probe  
  39  4:14  Probe  
  39  4:15  Robotics Bay  
  45  4:17  Immortal, Assimilator  
  45  4:19  Assimilator  
  45  4:20  Probe  
  45  4:26  Probe  
  45  4:29  Probe  
  47  4:35  Gateway  
  47  4:36  Gateway  
  47  4:37  Probe  
  47  4:38  Probe  
  49  4:45  Probe  
  50  4:50  Probe  
  52  4:55  Probe  
  53  5:02  Nexus  
  53  5:04  Pylon  
  53  5:07  Pylon  
  53  5:10  Pylon  
  53  5:12  Probe  
  53  5:14  Probe  
  54  5:15  Assimilator  
  54  5:19  Assimilator  
  54  5:20  Probe  
  55  5:26  Probe  
  57  5:28  Probe  
  58  5:37  Extended Thermal Lance  
  58  5:38  Probe  
  58  5:39  Templar Archives  
  58  5:40  Probe  
  58  5:41  Forge  
  60  5:45  Forge  
  60  5:47  Forge  
  60  5:50  Probe  
  60  5:53  Colossus  
  60  5:54  Probe  
  67  6:02  Probe x2  
  69  6:10  Gateway  
  70  6:11  Gateway  
  70  6:13  Gateway  
  70  6:15  Gateway  
  70  6:16  Probe x2  
  70  6:17  Gateway  
  70  6:18  Probe  
  70  6:24  Probe x2  
  73  6:30  Probe  
  73  6:32  Probe  
  76  6:34  Probe  
  78  6:42  Probe  
  78  6:44  Probe  
  78  6:46  Probe  
  81  6:55  Probe  
  81  6:56  Probe  
  81  6:57  Nexus  
  81  6:58  Probe  
  81  6:59  Pylon  
  84  7:01  Pylon  
  84  7:03  Pylon  
  84  7:06  Assimilator  
  84  7:07  Probe, Assimilator  
  85  7:09  Probe  
  86  7:16  Stalker  
  86  7:17  Stalker x7, Protoss Shields Level 1  
  86  7:18  Protoss Ground Armor Level 1, Protoss Ground Weapons Level 1  
  86  7:22  High Templar x2  
  104  7:48  Archon  
  88  8:37  Stalker  
  88  8:38  Stalker x9  
  108  8:45  Pylon  
  108  8:47  Pylon  
  108  9:00  Probe x4  
  112  9:08  Probe x2  
  112  9:09  Probe  
  110  9:13  Probe  
  110  9:16  Probe  
  110  9:17  Probe x2  
  111  9:25  Probe  
  111  9:26  Probe  
  111  9:27  Probe  
  113  9:37  Probe  
  114  9:44  Stalker  
  114  9:45  Stalker x9  
  130  10:01  Probe  
  131  10:13  Probe  
  132  10:24  Cybernetics Core  
  132  10:25  Probe  
  132  10:26  Photon Cannon  
  132  10:28  Photon Cannon  
  133  10:30  Photon Cannon  
  133  10:37  Probe  
  134  10:48  Probe, Nexus  
  135  10:50  Probe x2, Pylon x2  
  137  11:05  Protoss Ground Weapons Level 2, Protoss Ground Armor Level 2  
  137  11:16  Robotics Facility  
  126  11:53  Stalker  
  128  11:55  Stalker x9  
  146  12:05  Gateway x2  
  146  12:08  Gateway  
  146  12:10  Gateway  
  146  12:12  Gateway  
  146  12:15  Gateway  
  146  12:17  Gateway  
  146  12:18  Probe x4  
  146  12:20  Photon Cannon  
  150  12:23  Photon Cannon  
  150  12:26  Photon Cannon  
  147  12:30  Probe x4, Pylon  
  147  12:31  Assimilator  
  147  12:33  Assimilator, Adept  
  147  12:34  Adept x9  
  147  12:35  Pylon  
  165  12:42  Probe x3  
  165  12:43  Probe  
  149  12:56  Stalker x3  
  149  12:57  Stalker x6  
  149  12:58  Stalker  
  140  13:13  Stalker x2  
  140  13:14  Stalker x5  
  142  13:20  Stalker x6  
  142  13:21  Stalker x4  
  162  13:48  Gateway  
  162  13:50  Gateway  
  162  13:52  Photon Cannon, Gateway  
  162  13:53  Gateway  
  162  13:55  Photon Cannon, Gateway  
  162  13:57  Gateway  
  162  13:58  Photon Cannon  
  162  13:59  Pylon, Gateway  
  162  14:01  Shield Battery, Pylon  
  162  14:05  Shield Battery  
  162  14:07  Shield Battery  
  162  14:22  Probe  
  162  14:30  Probe  
  164  14:40  Probe  
  165  14:50  Probe x3  
  165  14:52  Probe, Nexus  
  168  15:02  Probe x3  
  168  15:04  Stalker x6, Probe, Protoss Ground Weapons Level 3  
  168  15:05  Stalker x2  
  168  15:06  Stalker x2  
  188  15:07  Protoss Ground Armor Level 3  
  188  15:08  Stalker x3  
  193  15:14  Probe  
  190  15:26  Forge  
  175  15:41  Stalker x7  
  175  15:42  Stalker x3  
  187  15:43  Stalker x2  
  187  15:44  Stalker  
  177  16:36  Nexus  
  177  16:40  Pylon  
  177  16:48  Pylon  
  177  16:50  Pylon  
  177  16:52  Pylon  
  177  16:53  Pylon  
  177  17:00  Nexus  
  177  17:13  Probe  
  177  17:15  Probe  
  177  17:16  Probe x2  
  177  17:21  Probe  
  177  17:24  Assimilator, Probe x3  
  179  17:32  Probe x3  
  179  17:33  Probe  
  173  17:43  Probe x2  
  167  17:44  Probe  
  166  17:53  Pylon  
  166  17:56  Pylon  
  164  18:03  High Templar x10  
  164  18:04  High Templar x8  
  200  18:09  Archon  
  200  18:10  Archon x7  
  200  18:11  Archon  
  198  18:41  Sentry  
Show
View Real Time Build Order
Export as new Build Order

TiPtOP Terran 

Build Orders:  

Get SALT Encoding   

  12  0:00  SCV  
  13  0:13  SCV  
  14  0:18  Supply Depot  
  14  0:25  SCV  
  15  0:36  Refinery  
  15  0:41  Barracks  
  15  0:45  SCV  
  16  0:58  SCV  
  17  1:13  SCV  
  18  1:26  SCV  
  19  1:33  Command Center  
  19  1:34  Barracks Reactor  
  19  1:56  SCV  
  20  2:11  Marine x2  
  22  2:15  Factory  
  22  2:17  SCV  
  23  2:33  Orbital Command  
  23  2:48  SCV  
  24  2:51  Marine  
  24  2:52  Marine  
  24  2:55  Supply Depot  
  26  3:05  Starport, Factory Tech Lab  
  26  3:08  SCV  
  26  3:12  Orbital Command  
  27  3:16  Marine x2  
  27  3:18  Supply Depot  
  29  3:24  Refinery, SCV  
  30  3:31  Widow Mine  
  32  3:36  SCV  
  33  3:44  SCV  
  34  3:48  SCV  
  35  3:56  SCV  
  36  4:04  Factory Reactor  
  36  4:10  Fusion Core  
  36  4:11  Marine x2  
  38  4:27  SCV  
  38  4:28  SCV  
  40  4:36  Supply Depot  
  40  4:53  Starport  
  40  5:01  Refinery  
  40  5:05  SCV x2  
  42  5:19  Bunker  
  42  5:21  SCV  
  43  5:34  Battlecruiser  
  49  6:00  Starport Tech Lab  
  49  6:05  SCV  
  49  6:07  SCV  
  51  6:14  Refinery  
  51  6:19  SCV  
  51  6:25  Armory  
  52  6:30  SCV  
  52  6:31  Supply Depot  
  52  6:32  SCV  
  54  6:42  Supply Depot  
  54  6:56  Battlecruiser  
  54  7:00  Battlecruiser  
  66  7:16  SCV  
  66  7:19  Supply Depot  
  71  7:22  Widow Mine  
  71  7:23  Widow Mine  
  71  7:28  SCV  
  72  7:40  SCV  
  84  8:34  Battlecruiser x2  
  78  10:04  Terran Ship Weapons Level 1  
  78  10:06  Battlecruiser  
  84  10:16  Supply Depot  
  84  10:22  Command Center  
  84  10:38  Battlecruiser  
  84  10:39  Supply Depot  
  90  11:18  Weapon Refit, Armory  
  88  12:00  Terran Vehicle And Ship Armor Level 1  
  88  12:32  Refinery  
  88  12:55  Battlecruiser x2  
  100  12:58  Refinery  
  86  13:53  Terran Ship Weapons Level 2  
  86  13:59  Battlecruiser x2, Engineering Bay  
  98  14:33  Planetary Fortress  
  98  14:42  Starport  
  98  15:03  Battlecruiser x2  
  92  16:08  Battlecruiser x2  
  104  16:18  SCV  
  104  16:19  SCV  
  104  16:22  Starport Reactor  
  106  16:25  Supply Depot  
  106  16:27  Supply Depot  
  106  16:31  SCV  
  95  16:46  Terran Vehicle And Ship Armor Level 2  
  95  16:49  Supply Depot  
  94  17:11  Supply Depot  
  79  17:33  Supply Depot  
  52  17:49  Widow Mine  
  52  17:50  Widow Mine  
  27  18:11  Widow Mine x2  
Tags
 
Add a new tag
Caveats
  • Supply blocks, unpowered buildings, or Contaminate may cause inaccurate times.
  • Supply counts are checked every 10 seconds.